AoeStats
← Axolot

Acropolis

503471791Analyzed
1v1 RM · 1mo ago on Aug 31, 2026· 37m 50s· 2 players
Game mode
Random Map
Map size
Tiny (2 player)
Population
200
Speed
Normal
Resources
Standard
Victory
Conquest
Starting age
Dark Age
Ending age
Imperial Age
RankedLock teamsTeams togetherTeam positionsShared explorationLock speedFull tech treeHidden civsTurbo modeCheats
Victory
Defeat
🇩🇪 Tatars · Germany
1616
+15
🇦🇷 Lithuanians · Argentina
1605
-15
Axolot
4:45 Loom
10:18 Feudal Age
15:47 Fishing Lines
17:50 Horse Collar
19:19 Double-Bit Axe
23:27 Castle Age
22:27 Fletching
24:29 Gillnets
26:26 Bow Saw
26:20 Bodkin Arrow
27:25 Guard Tower
28:23 Bloodlines
28:49 Gold Mining
30:17 Husbandry
32:10 Scale Barding Armor
34:04 Chain Barding Armor
34:37 Forging
36:04 Devotion
[Beagle] Rik
7:20 Loom
9:32 Feudal Age
10:22 Double-Bit Axe
13:53 Horse Collar
20:32 Castle Age
19:16 Fletching
19:47 Bloodlines
21:28 Wheelbarrow
21:12 Bodkin Arrow
21:54 Bow Saw
24:25 Gold Mining
25:08 Husbandry
25:11 Padded Archer Armor
26:32 Ballistics
29:08 Leather Archer Armor
29:06 Town Watch
30:00 Hand Cart
30:21 Town Patrol
35:14 Imperial Age
35:17 Forging
35:12 Scale Barding Armor
35:19 Heavy Cavalry Archer
35:59 Bracer
37:04 Chemistry
36:55 Ring Archer Armor
36:15 Heavy Camel Rider
Connection lost

Rejoining the realm…

Still unreachable

The connection could not be restored.

Session expired

The server has moved on; the page needs a fresh start.